 Dungeon Crawl Stone Soup version 0.29-a0-553-g81b289dbe5 (webtiles) character file.

Game seed: 16132884032542935481

674 Hubjo the Changer (level 7, -5/78 HPs)
             Began as a Demonspawn Transmuter on June 6, 2022.
             Slain by a water moccasin (7 damage)
             ... on level 6 of the Dungeon.
             The game lasted 00:10:11 (7352 turns).

Hubjo the Changer (Demonspawn Transmuter)           Turns: 7352, Time: 00:10:11

Health: -5/78      AC:  5    Str: 14    XL:     7   Next: 33%
Magic:  12/12      EV: 12    Int: 14    God:
Gold:   289        SH:  0    Dex: 16    Spells: 7/12 levels left

rFire   . . .      SeeInvis +     - Unarmed
rCold   . . .      Faith    .   (no shield)
rNeg    . . .      Spirit   .   a - +0 robe
rPois   .          Reflect  .   (helmet currently unavailable)
rElec   .          Harm     .   (no cloak)
rCorr   .          Rampage  .   (no gloves)
Will    .....                   (boots currently unavailable)
Stlth   ..........              (no amulet)
HPRegen 0.23/turn               g - +4 ring of slaying
MPRegen 0.13/turn               h - +6 ring of strength

@: berserking, lethally poisoned (-5 -> -20), appendages (expiring), unable to
read, very quick
A: horns 2, talons 2, molten scales 2, demonic guardian 2, see invisible, weak
1, inability to read while threatened
a: End Transformation


You were on level 6 of the Dungeon.
You had temporarily grown beastly horns and talons.
You visited 1 branch of the dungeon, and saw 6 of its levels.

You collected 289 gold pieces.

Inventory:

Armour
 a - a +0 robe (worn)
 d - a +2 hat (melded)
Jewellery
 g - a +4 ring of slaying (left hand)
 h - a +6 ring of strength (right hand)
 q - a ring of flight
Wands
 i - a wand of polymorph (5)
Scrolls
 c - 5 scrolls of poison
 e - 3 scrolls of noise
 f - a scroll of enchant weapon
 j - 4 scrolls of teleportation
 k - a scroll of vulnerability
 m - a scroll of immolation
Potions
 b - a potion of might {unknown}
 l - a potion of cancellation {unknown}
 n - a potion of flight
 o - a potion of berserk rage
 s - a potion of lignification


   Skills:
 + Level 3.4 Fighting
 - Level 1.7 Dodging
 + Level 2.9 Stealth
 + Level 3.8 Unarmed Combat
 + Level 3.4 Spellcasting
 * Level 4.1 Transmutations
 + Level 1.8 Ice Magic


You had 7 spell levels left.
You knew the following spells:

 Your Spells              Type           Power      Damage    Failure   Level
a - Beastly Appendage     Tmut           26%        N/A       3%          1
b - Ice Form              Ice/Tmut       10%        N/A       52%         4

Your spell library contained the following spells:

 Spells                   Type           Power      Damage    Failure   Level
 Wereblood                Tmut           13%        N/A       6%          2
 Passwall                 Tmut/Erth      6%         N/A       14%         2
 Foxfire                  Conj/Fire      8%         2x1d4     21%         1
 Sandblast                Erth           4%         2d4       21%         1
 Summon Small Mammal      Summ           8%         N/A       21%         1
 Spider Form              Tmut/Pois      8%         N/A       26%         3
 Poisonous Vapours        Pois/Air       4%         N/A       30%         2
 Call Canine Familiar     Summ           2%         N/A       52%         3
 Conjure Flame            Conj/Fire      2%         6-21      52%         3
 Inner Flame              Hex/Fire       2%         N/A       52%         3
 Stone Arrow              Conj/Erth      4%         3d7       52%         3
 Summon Guardian Golem    Hex/Summ       2%         N/A       52%         3
 Animate Armour           Summ/Erth      4%         N/A       90%         4
 Corpse Rot               Necr/Pois/Air  2%         N/A       90%         4
 Flame Wave               Conj/Fire      2%         2d4       90%         4
 Summon Forest            Summ/Tloc      1%         N/A       99%         5
 Eringya's Noxious Bog    Tmut/Pois      4%         N/A       100%        6
 Summon Hydra             Summ           1%         N/A       100%        7
 Lehudib's Crystal Spear  Conj/Erth      1%         10d2      100%        8


Dungeon Overview and Level Annotations

Branches:
Dungeon (6/15)
 Temple: D:4-7

Altars:

Shops:
D:3 =   D:5 !


Innate Abilities, Weirdness & Mutations

You have temporarily grown beastly horns and talons.
You are mostly covered in molten scales. (AC +3)
A demonic guardian rushes to your aid.
You have supernaturally acute eyesight. (SInv)
You are weak. (Str -2)
You sometimes lose the ability to read scrolls when taking damage.


Message History

The orc priest is heavily wounded.
Your transformation is almost over.
You feel sick. The orc priest barely misses you.
The orc wizard barely misses you. The orc hits you with a +0 dagger.
The water moccasin bites you.
You barely miss the orc priest. You claw the orc priest.
The orc priest is severely wounded.
You feel sick. The water moccasin bites you.
You feel threatened and lose the ability to read scrolls!
* * * LOW HITPOINT WARNING * * *
You are lethally poisoned!
The water moccasin poisons you!
The orc wizard hits you but does no damage.
The orc barely misses you.
The orc priest hits you with a +0 hand axe.
* * * LOW HITPOINT WARNING * * *
You punch the orc priest!
You kill the orc priest!
* * * LOW HITPOINT WARNING * * *
You feel very sick. The water moccasin bites you.
* * * LOW HITPOINT WARNING * * *
A demonic guardian appears!
You are too berserk!
You hit the water moccasin.
The water moccasin is moderately wounded.
* * * LOW HITPOINT WARNING * * *
You feel very sick.
The orc wizard hits you with a +0 dagger.
* * * LOW HITPOINT WARNING * * *
The orc barely misses you. The water moccasin closely misses you.
You miss the water moccasin. You claw the water moccasin.
You punch the water moccasin!
The water moccasin is severely wounded.
* * * LOW HITPOINT WARNING * * *
You feel sick.
Your orange demon stings the orc!
The orc dies!
The orc wizard hits you but does no damage.
The water moccasin bites you!
You die...

. .. ...###
#######
#.....##..4..#..
..?......)....#.
.......<@).....#
........So.....#
................
...............#
................
...............#
...>......>...##
#.....##.|...##


You could see a water moccasin, an orc wizard and a friendly orange demon
(summoned).

Vanquished Creatures
  A black bear (D:4)
  2 lemures (D:5)
  A phantom (D:4)
  A scorpion (D:5)
  A jelly (D:4)
  An orc priest (D:6)
  4 hounds
  3 iguanas (D:5)
  An orc wizard (D:5)
  An adder (D:3)
  3 gnolls (D:3)
  An ufetubus (D:4)
  3 worms
  3 dart slugs
  9 orcs
  5 ball pythons
  7 endoplasms
  4 giant cockroaches
  12 goblins
  4 hobgoblins
  7 jackals
  8 kobolds
  2 quokkas
  6 bats
  A frilled lizard (D:1)
  7 rats
98 creatures vanquished.

Vanquished Creatures (collateral kills)
  An iguana (D:5)
  An orc (D:6)
2 creatures vanquished.

Grand Total: 100 creatures vanquished

Notes
Turn   | Place    | Note
-------+----------+-------------------------------------------
     0 | D:1      | Hubjo the Demonspawn Transmuter began the quest for the
                  | Orb.
     0 | D:1      | Reached XP level 1. HP: 15/15 MP: 3/3
   163 | D:1      | Gained mutation: You are partially covered in molten
                  | scales. (AC +2) [demonic ancestry]
   163 | D:1      | Reached XP level 2. HP: 4/21 MP: 5/5
   570 | D:1      | Reached skill level 2 in Transmutations
  1042 | D:1      | Reached XP level 3. HP: 27/27 MP: 4/6
  1134 | D:1      | Reached skill level 1 in Stealth
  1508 | D:2      | Found a faded altar of an unknown god.
  2609 | D:3      | Gained mutation: You are mostly covered in molten scales.
                  | (AC +3) [demonic ancestry]
  2609 | D:3      | Reached XP level 4. HP: 33/33 MP: 5/7
  2631 | D:3      | Found Lionot's Jewellery Shoppe.
  2758 | D:3      | Gained mutation: You are covered in fur. (AC +1) [potion of
                  | mutation]
  2758 | D:3      | Lost mutation: You are covered in fur. (AC +1) [potion of
                  | mutation]
  2759 | D:3      | Gained mutation: Your system is resistant to poisons.
                  | (rPois) [potion of mutation]
  2759 | D:3      | Gained mutation: You have claws for feet. [potion of
                  | mutation]
  3266 | D:3      | Reached XP level 5. HP: 39/39 MP: 7/9
  3271 | D:3      | Learned a level 4 spell: Ice Form
  3288 | D:3      | Lost mutation: Your system is resistant to poisons. (rPois)
                  | [potion of mutation]
  3288 | D:3      | Lost mutation: You have sharp toenails. [potion of
                  | mutation]
  3288 | D:3      | Gained mutation: You have hidden genetic defects. [potion
                  | of mutation]
  3288 | D:3      | Gained mutation: Your movements are slightly less
                  | encumbered by armour. (ER -2) [potion of mutation]
  3335 | D:4      | Lost mutation: Your movements are slightly less encumbered
                  | by armour. (ER -2) [potion of mutation]
  3335 | D:4      | Lost mutation: You have hidden genetic defects. [potion of
                  | mutation]
  3335 | D:4      | Gained mutation: You are weak. (Str -2) [potion of
                  | mutation]
  3335 | D:4      | Gained mutation: You sometimes lose the ability to read
                  | scrolls when taking damage. [potion of mutation]
  3335 | D:4      | Gained mutation: You have supernaturally acute eyesight.
                  | (SInv) [potion of mutation]
  3336 | D:4      | Noticed a lemure
  3338 | D:4      | Noticed a lemure
  3338 | D:4      | Noticed a lemure
  3339 | D:4      | Noticed Pikel
  3340 | D:4      | Noticed a lemure
  3349 | D:5      | Entered Level 5 of the Dungeon
  3361 | D:5      | Killed a lemure
  3363 | D:5      | Killed a lemure
  3771 | D:5      | Reached skill level 3 in Transmutations
  4092 | D:4      | Noticed Pikel
  4092 | D:4      | Pikel changed into Pikel the black bear
  4096 | D:4      | Killed Pikel the black bear
  4097 | D:4      | Reached skill level 1 in Ice Magic
  4097 | D:4      | Gained mutation: A weak demonic guardian rushes to your
                  | aid. [demonic ancestry]
  4097 | D:4      | Reached XP level 6. HP: 5/46 MP: 8/10
  6022 | D:5      | Found Hoaceir's Distillery.
  6170 | D:5      | Gained mutation: A demonic guardian rushes to your aid.
                  | [demonic ancestry]
  6170 | D:5      | Reached XP level 7. HP: 50/52 MP: 9/11
  6312 | D:5      | Reached skill level 4 in Transmutations
  7352 | D:6      | HP: 2/78 [poisoned by a water moccasin]
  7352 | D:6      | Slain by a water moccasin

Illustrated notes

Levels and vault maps discovered:
D:1:      dpeg_arrival_boxes_within_box, layout_basic
D:2:      layout_basic, ebering_ecumenical_altar_mist,
          chequers_serial_rivers_micro_e, minmay_fractal_squares_gapless_5
D:3:      wander_river, layout_basic, serial_shops,
          nicolae_shop_temple_entry_statues_fountains
D:4:      layout_cave_pools, uniq_pikel
D:5:      layout_cave_pods, serial_shops, nicolae_take_the_stairs
D:6:      cheibrodos_iron_armory, layout_rooms, nzn_wu_jian_contemplation

Skill      XL: |  1  2  3  4  5  6  7 |
---------------+----------------------+-----
Transmutations | 2 3 4 |  4.1
Stealth        | 1 2 |  2.9
Fighting       | 2 3 |  3.4
Unarmed Combat | 3 |  3.8
Spellcasting   | 3 |  3.4
Ice Magic      | 1 |  1.8
Dodging        | |  1.7

Action                   |  1- 3 |  4- 6 |  7- 9 || total
-------------------------+-------+-------+-------++-------
Melee: Unarmed           |    98 |   112 |    39 ||   249
       Kick              |    17 |    28 |    10 ||    55
       Headbutt          |     9 |     9 |     7 ||    25
       Punch             |       |     6 |     3 ||     9
 Cast: Beastly Appendage |    28 |    25 |     5 ||    58
Evoke: Wand              |       |     2 |       ||     2
  Use: Potion            |     1 |    11 |     2 ||    14
       Scroll            |     1 |     3 |     3 ||     7
 Stab: Sleeping          |     4 |     2 |       ||     6
Armor: Robe              |    26 |    38 |    14 ||    78
       Skin              |     4 |       |       ||     4
Dodge: Dodged            |    56 |   121 |    27 ||   204

Table legend: (Time is in decaauts)
 A = Elapsed time spent in this place.
 B = Non-inter-level travel time spent in this place.
 C = Inter-level travel time spent in this place.
 D = Time resting spent in this place.
 E = Time spent auto-exploring this place.
 F = Levels seen in this place.
 G = Mean time per level.
                   A        B        C        D        E       F      G
               +--------+--------+--------+--------+--------+-----+--------+
         Total |   7363 |   7242 |    121 |   2388 |   3903 |   6 | 1227.2 |
       Dungeon |   7363 |   7242 |    121 |   2388 |   3903 |   6 | 1227.2 |
               +--------+--------+--------+--------+--------+-----+--------+

Top non-repeatable levels by time:
     D:5: 2688 daAuts
     D:1: 1394 daAuts
     D:4: 1364 daAuts
     D:2: 1126 daAuts
     D:3: 776 daAuts
     D:6: 12 daAuts
